 Dungeon Crawl Stone Soup version 0.31.0-11-ge490571c62 (webtiles) character file.

Game seed: 9589967944812166714

51 qw the Shooter (level 3, -1/18 HPs)
             Began as a Spriggan Hunter on Feb 4, 2024.
             Slain by a gnoll
             ... wielding a +0 club
              (5 damage)
             ... on level 2 of the Dungeon.
             The game lasted 00:00:04 (1242 turns).

qw the Shooter (Spriggan Hunter)                    Turns: 1242, Time: 00:00:04

Health: -1/18      AC:  2    Str:  7    XL:     3   Next: 58%
Magic:  4/4        EV: 19    Int: 10    God:
Gold:   21         SH:  0    Dex: 20    Spells: 2/2 levels left

rFire   . . .        a - +0 shortbow
rCold   . . .        (shield currently unavailable)
rNeg    + . .        c - +0 robe
rPois   .            (helmet restricted)
rElec   .            (no cloak)
rCorr   .            (gloves unavailable)
SInv    +            (boots unavailable)
Will    .....        (no amulet)
Stlth   ++           j - ring of positive energy
HPRegen 0.23/turn    (no ring)
MPRegen 0.09/turn

%: no passive effects
@: about to teleport, very quick
A: very small, no large weapons, unfitting armour, see invisible, speed 3
a: no special abilities


You were on level 2 of the Dungeon.
You visited 1 branch of the dungeon, and saw 2 of its levels.

You collected 21 gold pieces.


Innate Abilities, Weirdness & Mutations

You are very small and have problems with some larger weapons.
You are too small for most types of armour.
You have supernaturally acute eyesight. (SInv)
You cover ground extremely quickly. (Speed+++)


   Skills:
 - Level 1.5 Fighting
 + Level 4.8 Ranged Weapons
 - Level 4.0 Dodging
 - Level 1.5 Stealth


You had 2 spell levels left.
You didn't know any spells.
Your spell library was empty.

Inventory:

Hand Weapons
 a - a +0 shortbow (weapon)
Armour
 c - a +0 robe (worn)
Jewellery
 j - a ring of positive energy (left hand)
Potions
 b - a potion of cancellation {unknown}
 e - a potion of heal wounds
 f - a potion of haste {unknown}
 i - a potion of enlightenment
 k - a potion of mutation
 l - a potion of curing {unknown}

Dungeon Overview and Level Annotations

Branches:
Dungeon (2/15)

Altars:


Message History

The gnoll throws a throwing net.
The throwing net closely misses you.
You shoot an arrow. The arrow barely misses the gnoll.
A gnoll comes into view. It is wielding a +0 club.
Enter note:
Enter note:
Enter note:
Enter note:
Enter note:
Enter note:
Enter note:
Enter note:
1230 ||| RETREEEEATING.
Enter note:
Enter note:
Enter note:
Enter note:
1231 ||| RETREEEEATING.
The gnoll shouts!
1233 ||| RETREEEEATING.
1235 ||| RETREEEEATING.
You shoot an arrow. The arrow hits the gnoll!
The gnoll is severely wounded.
You shoot an arrow. The arrow hits the gnoll!
You kill the gnoll!
You shoot an arrow. The arrow hits the gnoll.
The gnoll is almost dead.
The gnoll completely misses you.
You shoot an arrow. The arrow hits the gnoll.
The gnoll is almost dead.
The gnoll hits you with a +0 club!
You shoot an arrow. The arrow hits the gnoll.
You kill the gnoll!
You shoot an arrow. The arrow hits the gnoll.
The gnoll is moderately wounded.
The gnoll hits you with a +0 club!
1242 ||| READING scroll of teleportation.
As you read the scroll of teleportation, it crumbles to dust.
You feel strangely unstable. The gnoll hits you with a +0 club.
You die...

#######.######
#.
.............#
#.
####....####.#
####. #....#
#.# .....
#....# #.# ##
#....# #.# #
#....# #.# #
#....# #.#
#....# #@#
########g#
...g...)(#
.....g...#
########## .


You could see a gnoll.

Vanquished Creatures
  2 gnolls (D:2)
  A dart slug (D:2)
  4 ball pythons
  2 bats (D:1)
  3 endoplasms
  A goblin (D:1)
  3 hobgoblins (D:1)
  4 kobolds
  3 quokkas
  4 frilled lizards
  A rat (D:2)
28 creatures vanquished.

Notes
Turn   | Place    | Note
-------+----------+-------------------------------------------
     0 | D:1      | qw the Spriggan Hunter began the quest for the Orb.
     0 | D:1      | Reached XP level 1. HP: 10/10 MP: 2/2
     0 | D:1      | 0 ||| qw: Version: 0.3-a-160-g6735b56
     0 | D:1      | 0 ||| qw: Game counter: 5434
     0 | D:1      | 0 ||| qw: Melee chars always use a shield: true
     0 | D:1      | 0 ||| qw: God list: Okawaru
     0 | D:1      | 0 ||| qw: Allow faded altars: false
     0 | D:1      | 0 ||| qw: Do Orc after clearing Dungeon:15 true
     0 | D:1      | 0 ||| qw: Do second Lair branch before Depths: true
     0 | D:1      | 0 ||| qw: Lair rune preference: random
     0 | D:1      | 0 ||| qw: Goals: Normal
     0 | D:1      | 0 ||| PLANNING D:1-11
    60 | D:1      | Reached skill level 3 in Dodging
    69 | D:1      | Found a faded altar of an unknown god.
   193 | D:1      | Reached XP level 2. HP: 9/14 MP: 3/3
   581 | D:1      | 581 ||| DROPPING +6 ring of intelligence.
   582 | D:1      | 582 ||| UPGRADING to ring of positive energy.
   583 | D:1      | 583 ||| READING scroll labelled WALATS QAOFFE.
   587 | D:1      | 587 ||| READING 2 scrolls labelled PISODY NYTT.
   587 | D:1      | 587 ||| IDENTIFYING bubbling pink potion
   588 | D:1      | 588 ||| READING scroll of identify.
   588 | D:1      | 588 ||| IDENTIFYING orange potion
   589 | D:1      | 589 ||| READING scroll labelled XETELU KUVATHRI.
   608 | D:1      | 608 ||| DRINKING 2 viscous emerald potions.
   609 | D:1      | 609 ||| DROPPING scroll of butterflies.
   610 | D:1      | 610 ||| DROPPING potion of lignification.
   904 | D:2      | 904 ||| READING scroll of identify.
   904 | D:2      | 904 ||| IDENTIFYING emerald potion
  1027 | D:2      | 1027 ||| READING scroll labelled QUGYSCH DOARO.
  1027 | D:2      | 1027 ||| ENCHANTING +0 shortbow.
  1058 | D:2      | Reached XP level 3. HP: 18/18 MP: 4/4
  1230 | D:2      | 1230 ||| RETREEEEATING.
  1231 | D:2      | 1231 ||| RETREEEEATING.
  1233 | D:2      | 1233 ||| RETREEEEATING.
  1235 | D:2      | 1235 ||| RETREEEEATING.
  1241 | D:2      | HP: 4/18 [gnoll/+0 club (8)]
  1242 | D:2      | 1242 ||| READING scroll of teleportation.
  1242 | D:2      | Slain by a gnoll

Levels and vault maps discovered:
D:1:      dpeg_arrival_triangle_fractal, layout_rooms,
          ebering_ecumenical_altar_abandoned, minmay_misc_feat_x,
          minmay_box_of_dots
D:2:      layout_basic, serial_co_window_serial, co_window_corner_a,
          co_window_paths_a, co_window_of_opportunity_a, co_window_corner_a,
          co_window_paths_b, co_window_unsneaky_path_d, co_window_2corner,
          co_window_paths_c, co_window_2corner, co_window_corner_b,
          co_window_corner_b, co_window_cross_3, co_window_paths_e,
          co_window_4corner_b, glass_columns_c, glass_columns_b,
          glass_columns_b, minmay_pentomino_z4

Skill      XL: |  1  2 |
---------------+-------+-----
Dodging        | 3 4 |  4.0
Fighting       | |  1.5
Ranged Weapons | |  4.8
Stealth        | |  1.5

Action                     || total
---------------------------++-------
   Fire: Shortbow          ||    78
    Use: Scroll            ||     7
         Potion            ||     1
 Armour: Robe              ||    10
  Dodge: Dodged            ||    17

Table legend:
 A = Non-vault XP
 B = Vault XP
 C = Vault XP percentage of total XP
 D = Non-vault monster count
 E = Vault monster count
 F = Vault count percentage of total count
                 A         B        C        D         E       F
            +---------+---------+-------+---------+---------+-------
      Total |      71 |       3 |   4.1 |      26 |       2 |   7.1
            +---------+---------+-------+---------+---------+-------
        D:1 |      25 |       3 |  10.7 |      13 |       2 |  13.3
        D:2 |      46 |       0 |   0.0 |      13 |       0 |   0.0
            +---------+---------+-------+---------+---------+-------
